 Dungeon Crawl Stone Soup version 0.30-a0-347-gf58ed5266c (webtiles) character file.

Game seed: 11044780797750561314

48 greenreed the Shooter (level 3, -21/27 HPs)
             Began as a Demonspawn Hunter on Nov 5, 2022.
             Killed by an exploding goblin (48 damage)
             ... ignited by their inner flame
             ... on level 2 of the Dungeon.
             The game lasted 00:02:58 (952 turns).

greenreed the Shooter (Demonspawn Hunter)            Turns: 952, Time: 00:02:59

Health: -21/27     AC:  3    Str: 11    XL:     3   Next: 50%
Magic:  3/3        EV: 12    Int: 10    God:
Gold:   64         SH:  0    Dex: 24    Spells: 2/2 levels left

rFire   . . .      SeeInvis .    a - +0 shortbow
rCold   . . .      Faith    .    (shield currently unavailable)
rNeg    . . .      Spirit   .    c - +0 leather armour
rPois   .          Reflect  .    (no helmet)
rElec   .          Harm     .    (no cloak)
rCorr   .          Rampage  .    (no gloves)
Will    .....                    (no boots)
Stlth   ++........               (no amulet)
HPRegen 0.24/turn                i - +6 ring of dexterity
MPRegen 0.08/turn                (no ring)

@: no status effects
A: demonic guardian 1, ignite blood 1
a: no special abilities


You were on level 2 of the Dungeon.
You visited 1 branch of the dungeon, and saw 2 of its levels.

You collected 64 gold pieces.

Inventory:

Hand Weapons
 a - a +0 shortbow (weapon)
Armour
 c - a +0 leather armour (worn)
Magical Staves
 g - a staff of poison
Jewellery
 i - a +6 ring of dexterity (left hand)
Scrolls
 b - a scroll of immolation
 e - a scroll of identify {unknown}
 f - a scroll of teleportation {unknown}
 j - a scroll of poison {unknown}
 k - a scroll of amnesia {unknown}
Potions
 d - a potion of curing {unknown}
 h - a potion of heal wounds {unknown}


   Skills:
 + Level 2.0 Fighting
 + Level 4.6 Ranged Weapons
 + Level 0.2 Armour
 + Level 2.0 Dodging
 + Level 0.8 Stealth


You had 2 spell levels left.
You didn't know any spells.
Your spell library was empty.

Dungeon Overview and Level Annotations

Branches:
Dungeon (2/15)

Altars:

Annotations:
D:2 Robin, Sigmund


Innate Abilities, Weirdness & Mutations

A weak demonic guardian rushes to your aid.
Your demonic aura sometimes causes spilled blood to erupt in flames.


Message History

You hear a shout!
A goblin comes into view. It is wielding a +0 dagger.
You hear a shout!
You shoot an arrow. The arrow hits the goblin!
You kill the goblin!
A goblin comes into view. It is wielding a +0 club.
You shoot an arrow. The arrow hits the goblin!
You kill the goblin!
You hear a shout!
A goblin comes into view. It is wielding a +0 club.
You shoot an arrow. The arrow hits the goblin!
You kill the goblin! 2 goblins and Sigmund come into view.
A goblin comes into view. It is wielding a +0 dagger.
A hobgoblin comes into view.
Robin and a hobgoblin come into view.
The hobgoblin shouts!
The goblin shouts!
You hear a shout!
A goblin comes into view. It is wielding a +0 club.
You see here a human skeleton.
What are your orders? t - Shout!
Orders for allies: a - Attack new target. r - Retreat! s - Stop attacking. g - Guard the area. f - Follow me.
Anything else - Cancel.
You shout for attention!
Robin shouts!
The goblin shouts! x2
Really read the scroll of immolation?
As you read the scroll of immolation, it crumbles to dust.
The creatures around you are filled with an inner flame!
Robin throws the goblin at you! The goblin barely misses you.
You shoot an arrow. The hobgoblin shouts!
Sigmund shouts!
The arrow hits the goblin.
Flame seeps out of the goblin.
The goblin is moderately wounded.
The goblin barely misses you. Robin throws the goblin at you!
The goblin is engulfed in blazing flames.
The goblin explodes!
The fiery explosion engulfs you!!!
Ouch! That really hurt!
You die...

................#
........###.....# #
......#.###.....#.#
......#.........#.#
....###......>....#
...## #.........###
....###.......§§#####
.....########.8○8.8?#
..†........#÷.§§@..8#
.......#####...g.g÷..#
.....#...###......g8....
.....###..##.......gg...
....## ##..#_.÷÷.÷.8))..
...## ############.@.g
.....# .... .....# ...
...[.#


You could see Sigmund (inner flame), Robin (inner flame), 2 hobgoblins and 3
goblins.

Vanquished Creatures
  An adder (D:2)
  A worm (D:2)
  4 bats (D:1)
  An endoplasm (D:1)
  11 goblins
  3 hobgoblins (D:1)
  4 jackals (D:1)
  2 ball pythons (D:1)
  4 frilled lizards (D:1)
  4 kobolds (D:1)
  A rat (D:2)
36 creatures vanquished.

Notes
Turn   | Place    | Note
-------+----------+-------------------------------------------
     0 | D:1      | greenreed the Demonspawn Hunter began the quest for the
                  | Orb.
     0 | D:1      | Reached XP level 1. HP: 16/16 MP: 1/1
    63 | D:1      | Gained mutation: Your demonic aura sometimes causes spilled
                  | blood to erupt in flames. [demonic ancestry]
    63 | D:1      | Reached XP level 2. HP: 22/22 MP: 2/2
    69 | D:1      | Reached skill level 4 in Ranged Weapons
   523 | D:1      | Gained mutation: A weak demonic guardian rushes to your
                  | aid. [demonic ancestry]
   523 | D:1      | Reached XP level 3. HP: 22/27 MP: 3/3
   940 | D:2      | Found a faded altar of an unknown god.
   946 | D:2      | Noticed Sigmund
   948 | D:2      | Noticed Robin
   952 | D:2      | Killed by an exploding goblin... ignited by their inner
                  | flame

Illustrated notes

Levels and vault maps discovered:
D:1:      minmay_arrival_radiant_lines, layout_basic,
          chequers_serial_rivers_large_b, minmay_crystal_room
D:2:      layout_rooms, basic_altar, shapermc_ecumenical_altar_pompeii,
          corner_web_ring, minmay_statues_item, chequers_serial_rivers_micro_b,
          uniq_robin, uniq_sigmund

Skill      XL: |  1  2 |
---------------+-------+-----
Ranged Weapons | 4 |  4.6
Dodging        | 2 |  2.0
Fighting       | |  2.0
Armour         | |  0.2
Stealth        | |  0.8

Action                   || total
-------------------------++-------
 Fire: Shortbow          ||    83
  Use: Scroll            ||     1
Armor: Leather armour    ||    16
Dodge: Dodged            ||    26

Table legend: (Time is in decaauts)
 A = Elapsed time spent in this place.
 B = Non-inter-level travel time spent in this place.
 C = Inter-level travel time spent in this place.
 D = Time resting spent in this place.
 E = Time spent auto-exploring this place.
 F = Levels seen in this place.
 G = Mean time per level.
                   A        B        C        D        E       F      G
               +--------+--------+--------+--------+--------+-----+--------+
         Total |   1007 |    960 |     47 |      0 |    797 |   2 |  503.5 |
       Dungeon |   1007 |    960 |     47 |      0 |    797 |   2 |  503.5 |
               +--------+--------+--------+--------+--------+-----+--------+

Top non-repeatable levels by time:
     D:1: 905 daAuts
     D:2: 102 daAuts
